Map: Dane-C

Players

SI 1 (Bardzo łatwa)

  • Race: Protoss Protoss
  • Spawn Location: 9:00

Krystianer - Winner!

  • Race: Protoss Protoss
  • League: Master
  • Spawn Location: 3:00

VOD

Have the link to the VOD?

Description

Time

  • Played on: Dec. 25, 2022, 6:18 p.m.
  • Length: 6:47
Show
View Real Time Build Order
Export as new Build Order

SI 1 (Bardzo łatwa) Protoss 

Build Orders: 1 Gate Expand, Nexus First 

Get SALT Encoding   

  12  0:00  Probe  
  13  0:13  Probe  
  14  0:19  Pylon  
  14  0:43  Gateway  
  14  1:00  Nexus  
  14  1:20  Pylon  
  14  1:21  Zealot  
  14  1:23  Assimilator  
  16  1:35  Cybernetics Core  
  16  1:38  Probe  
  17  1:51  Probe  
  18  2:00  Probe  
  18  2:01  Assimilator  
  19  2:08  Probe  
  19  2:14  Stalker  
  22  2:20  Probe  
  23  2:23  Probe  
  23  2:25  Warp Gate  
  24  2:34  Probe  
  25  2:41  Probe  
  26  2:52  Probe  
  26  2:54  Assimilator  
  26  2:56  Pylon  
  27  2:59  Probe  
  27  3:04  Probe  
  28  3:11  Probe  
  29  3:17  Probe  
  28  3:24  Adept  
  28  3:25  Probe  
  28  3:26  Robotics Facility  
  29  3:37  Probe  
  30  3:44  Probe  
  31  3:52  Probe  
  32  3:59  Probe  
  33  4:05  Probe  
  34  4:12  Probe  
  34  4:15  Observer  
  34  4:16  Probe  
  36  4:20  Assimilator  
  36  4:23  Probe  
  38  4:35  Probe, Stalker  
  38  4:37  Observer  
  42  4:42  Probe  
  42  4:44  Pylon  
  43  4:49  Probe  
  44  4:56  Probe  
  45  5:03  Probe  
  46  5:46  Sentry  
  42  6:12  Pylon  
  42  6:14  Probe  
  42  6:15  Stalker  
  26  6:38  Nexus  
Show
View Real Time Build Order
Export as new Build Order

Krystianer Protoss - Winner!

Build Orders:  

Get SALT Encoding   

  12  0:00  Probe  
  13  0:12  Probe  
  14  0:18  Pylon  
  14  0:24  Probe (Chrono Boost)  
  15  0:36  Probe (Chrono Boost)  
  15  0:37  Gateway  
  16  0:45  Probe (Chrono Boost)  
  16  0:47  Assimilator  
  17  0:50  Probe  
  17  0:56  Assimilator  
  18  1:03  Probe (Chrono Boost)  
  19  1:09  Gateway  
  19  1:13  Probe (Chrono Boost)  
  19  1:17  Probe (Chrono Boost)  
  21  1:26  Cybernetics Core  
  21  1:29  Probe  
  22  1:35  Pylon  
  22  1:41  Probe  
  23  2:02  Stalker x2  
  23  2:04  Probe, Warp Gate  
  28  2:15  Pylon  
  28  2:36  Nexus  
  28  2:38  Probe (Chrono Boost)  
  28  2:41  Sentry  
  31  2:50  Probe (Chrono Boost)  
  32  2:51  Stalker  
  35  2:59  Probe (Chrono Boost)  
  35  3:05  Robotics Facility  
  35  3:06  Probe  
  36  3:18  Probe (Chrono Boost)  
  37  3:25  Pylon  
  38  3:28  Probe (Chrono Boost)  
  38  3:32  Probe (Chrono Boost)  
  39  3:44  Probe  
  39  3:48  Probe  
  41  3:50  Immortal (Chrono Boost)  
  45  3:56  Twilight Council  
  45  4:19  Immortal (Chrono Boost)  
  45  4:23  Gateway  
  49  4:24  Gateway  
  49  4:29  Gateway  
  49  4:30  Charge (Chrono Boost), Gateway  
  49  4:43  Gateway  
  49  4:47  Gateway  
  49  4:49  Warp Prism (Chrono Boost)  
  51  4:55  Zealot  
  51  4:56  Zealot  
  55  5:01  Pylon  
  55  5:09  Pylon  
  55  5:18  Zealot x3  
  55  5:21  Zealot  
  63  5:25  Zealot  
  63  5:28  Pylon  
  65  5:31  Zealot  
  65  5:34  Pylon  
  67  5:55  Zealot x8  
  83  5:59  Pylon  
  83  6:18  Zealot x5  
  93  6:19  Zealot  
  95  6:35  Zealot x2  
  99  6:44  Zealot  
Tags
 
League
Master
Matchup
PvP
Spawn Locations
Cross Positions
Add a new tag
Caveats
  • Supply blocks, unpowered buildings, or Contaminate may cause inaccurate times.
  • Supply counts are checked every 10 seconds.